 Dungeon Crawl Stone Soup version 0.26-a0-658-gbdda728c12 (webtiles) character file.

Game seed: 10070621651335901483

28 heikuro the Skirmisher (level 3, -7/29 HPs)
             Began as a Formicid Abyssal Knight on Oct 5, 2020.
             Was a Follower of Lugonu.
             Asphyxiated
             ... on level 2 of the Dungeon.
             The game lasted 00:02:10 (1011 turns).

heikuro the Skirmisher (Formicid Abyssal Knight)    Turns: 1011, Time: 00:02:10

Health: -7/29      AC:  4    Str: 17    XL:     3   Next: 30%
Magic:  4/4        EV: 11    Int: 11    God:    Lugonu [*.....]
Gold:   68         SH:  0    Dex: 10    Spells: 2/2 levels left

rFire    . . .     SeeInvis +   a - +1 spear
rCold    . . .     Faith    .   (no shield)
rNeg     . . .     Spirit   .   b - +0 leather armour
rPois    .         Reflect  .   (helmet unavailable)
rElec    .         Harm     .   e - +0 cloak
rCorr    .         Rampage  .   (no gloves)
MR       .....                  (no boots)
Stlth    +.........             (no amulet)
HPRegen  0.09/turn              (no ring)
MPRegen  0.09/turn              (no ring)

@: lethally poisoned (-7 -> -57)
A: permanent stasis, dig shafts and tunnels, four strong arms, antennae 3
a: Dig, Shaft Self, Depart the Abyss, Renounce Religion


You were on level 2 of the Dungeon.
You worshipped Lugonu.
Lugonu was aware of your devotion.
You visited 1 branch of the dungeon, and saw 2 of its levels.
You visited the Abyss 1 time.

You collected 68 gold pieces.

Inventory:

Hand Weapons
 a - a +1 spear (weapon)
Missiles
 c - 62 stones (quivered)
 d - 14 sling bullets
 f - a curare-tipped dart
Armour
 b - a +0 leather armour (worn)
 e - a +0 cloak (worn)
Potions
 g - a potion of brilliance
 h - a potion of resistance
 i - a potion of lignification


   Skills:
 + Level 3.5 Fighting
 * Level 2.6 Polearms
 + Level 2.6 Armour
 - Level 1.0 Dodging
 + Level 2.6 Invocations


You had 2 spell levels left.
You didn't know any spells.
Your spell library was empty.

Dungeon Overview and Level Annotations

Branches:
Dungeon (2/15)

Altars:


Innate Abilities, Weirdness & Mutations

You cannot be hasted, slowed, berserked, paralysed or teleported.
You can dig through walls and to a lower floor.
Your four strong arms can wield two-handed weapons with a shield.
You have a pair of large antennae on your head. (SInv)


Message History

Unknown command.
You feel sick.
You see here a curare-tipped dart.
f - a curare-tipped dart You feel sick.
The goblin throws a curare-tipped dart.
The curare-tipped dart hits you.
You are more poisoned.
You have difficulty breathing.
* * * LOW HITPOINT WARNING * * *
Your stasis prevents you from being slowed.
Throwing (i - inventory. (/) - cycle)
c - 63 stones (quivered)
Press: ? - help, Shift-Dir - straight line, f - goblin
Aim: a goblin, wielding a +1 dagger of venom and quivering 3 curare-tipped darts You throw a stone.
The stone misses the goblin.
* * * LOW HITPOINT WARNING * * *
You feel sick.
The goblin throws a curare-tipped dart.
The curare-tipped dart hits you.
You are more poisoned.
You have difficulty breathing.
You die...

#.###.##.# #.#..##†#
#.......#
###...######### .
#.†.# ...... ...
#####...###......
....##...)........###
...g................#
###..(@(....†...#...
#.##.†.....#..# #
#.#.^.#.#.....
#.#...#.# .....
#.#...#.# ####.
.....##.# #.......#
#########


You could see a goblin.

Vanquished Creatures
  A dart slug (D:1)
  A leopard gecko (D:1)
  An orc (D:2)
  3 ball pythons
  3 bats
  A goblin (D:1)
  3 hobgoblins (D:1)
  4 frilled lizards (D:1)
  2 kobolds (D:1)
  8 rats
27 creatures vanquished.

Notes
Turn   | Place    | Note
-------+----------+-------------------------------------------
     0 | Abyss:1  | heikuro the Formicid Abyssal Knight began the quest for the
                  | Orb.
     0 | Abyss:1  | Reached XP level 1. HP: 18/18 MP: 2/2
    28 | Abyss:1  | Noticed an efreet
    60 | Abyss:1  | Noticed a small abomination
    61 | D:1      | Escaped the Abyss
   115 | D:1      | Reached * piety under Lugonu
   115 | D:1      | Reached skill level 1 in Dodging
   141 | D:1      | Reached XP level 2. HP: 21/24 MP: 3/3
   537 | D:1      | Reached XP level 3. HP: 29/29 MP: 4/4
  1011 | D:2      | Asphyxiated

Illustrated notes

Levels and vault maps discovered:
D:1:      minmay_arrival_plants_in_alcoves, layout_basic, minmay_door_square
D:2:      layout_loops_cross, minmay_misc_feat_ornament,
          nemelex_diamond_rough_becter

Skill      XL: |  1 |
---------------+----+-----
Dodging        | 1 |  1.0
Fighting       | |  3.5
Polearms       | |  2.6
Armour         | |  2.6
Invocations    | |  2.6

Action                   || total
-------------------------++-------
Melee: Spear             ||    64
Throw: Stone             ||     6
Invok: Depart the Abyss  ||     1
 Abil: Dig               ||     1
  Use: Scroll            ||     3
Armor: Leather armour    ||     8
Dodge: Dodged            ||    35

Table legend: (Time is in decaauts)
 A = Elapsed time spent in this place.
 B = Non-inter-level travel time spent in this place.
 C = Inter-level travel time spent in this place.
 D = Time resting spent in this place.
 E = Time spent auto-exploring this place.
 F = Levels seen in this place.
 G = Mean time per level.
                   A        B        C        D        E       F      G
               +--------+--------+--------+--------+--------+-----+--------+
         Total |   1010 |    994 |     16 |     57 |    667 |   3 |  336.7 |
       Dungeon |    949 |    933 |     16 |     57 |    621 |   2 |  474.5 |
         Abyss |     61 |     61 |      0 |      0 |     46 |   1 |   61.0 |
               +--------+--------+--------+--------+--------+-----+--------+

Top non-repeatable levels by time:
     D:1: 865 daAuts
     D:2: 84 daAuts
 Abyss:1: 61 daAuts
